 Dungeon Crawl Stone Soup version 0.29.0-13-gc9e81de378 (webtiles) character file.

Game seed: 890804877042587898

1094 SensoryNuts the Slasher (level 8, -6/60 HPs)
             Began as a Demonspawn Fighter on Sept 7, 2022.
             Mangled by an ice beast (12 damage)
             ... on level 6 of the Dungeon.
             The game lasted 00:04:37 (6128 turns).

SensoryNuts the Slasher (Demonspawn Fighter)        Turns: 6128, Time: 00:04:38

Health: -6/60      AC: 18    Str: 16    XL:     8   Next: 9%
Magic:  8/8        EV: 10    Int:  9    God:
Gold:   243        SH:  5    Dex: 18    Spells: 7/7 levels left

rFire   . . .      SeeInvis .   a - +0 long sword (protect)
rCold   . . .      Faith    .   c - +0 buckler
rNeg    . . .      Spirit   .   b - +0 scale mail
rPois   .          Reflect  .   (no helmet)
rElec   .          Harm     .   (no cloak)
rCorr   .          Rampage  .   i - +0 pair of gloves
Will    .....                   (no boots)
Stlth   +.........              (no amulet)
HPRegen 0.20/turn               f - ring of flight
MPRegen 0.22/turn               (no ring)

@: mighty, under a protective aura, flying
A: icy blue scales 2, powered by death 1, magic regeneration, thin skeletal
structure 1
a: no special abilities


You were on level 6 of the Dungeon.
You visited 1 branch of the dungeon, and saw 6 of its levels.

You collected 243 gold pieces.

Inventory:

Hand Weapons
 a - a +0 long sword of protection (weapon)
Missiles
 s - a throwing net (quivered)
Armour
 b - a +0 scale mail (worn)
 c - a +0 buckler (worn)
 i - a +0 pair of gloves (worn)
Jewellery
 f - a ring of flight (left hand)
 p - an amulet of faith
 q - a ring of magical power
 u - a +4 ring of evasion
Wands
 h - a wand of flame (12)
 m - a wand of paralysis (13)
 n - a wand of polymorph (13)
Scrolls
 e - a scroll of amnesia
 l - 2 scrolls of teleportation
 o - 2 scrolls of vulnerability
 t - a scroll of enchant armour {unknown}
Potions
 d - 2 potions of might
 g - a potion of mutation
 j - a potion of flight
 k - 3 potions of curing
 r - a potion of cancellation {unknown}


   Skills:
 + Level 4.2 Fighting
 * Level 6.6 Long Blades
 + Level 4.7 Armour
 + Level 1.9 Dodging
 + Level 0.5 Stealth
 + Level 3.4 Shields


You had 7 spell levels left.
You didn't know any spells.
Your spell library contained the following spells:

 Spells                   Type           Power      Damage    Failure   Level
 Scorch                   Fire           0%         2d5       95%         2
 Flame Wave               Conj/Fire      0%         2d4       100%        4
 Summon Cactus Giant      Summ           0%         N/A       100%        6


Dungeon Overview and Level Annotations

Branches:
Dungeon (6/15)
 Temple: D:4-7

Altars:
Ashenzari
Nemelex Xobeh
Trog
Wu Jian

Shops:
D:3 *

Annotations:
D:4 4 runed translucent doors, Crazy Yiuf; apoch's ghost, amateur MiFi; xian's ghost, novice DsFi


Innate Abilities, Weirdness & Mutations

You are mostly covered in icy blue scales. (AC +3)
You regenerate a little health from kills.
You regenerate magic rapidly.
You have a somewhat thin skeletal structure. (Dex +2, Stealth+)


Message History

The howler monkey is heavily wounded.
The howler monkey hits you but does no damage.
The ice beast hits you but does no damage.
You hit the howler monkey.
The howler monkey is heavily wounded.
You block the howler monkey's attack.
You hear a distant slurping noise.
The ice beast hits you but does no damage.
Unknown command.
You hit the ice beast but do no damage.
The ice beast is moderately wounded.
The howler monkey hits you but does no damage.
You block the ice beast's attack. You block the howler monkey's attack.
You hit the ice beast.
The ice beast is moderately wounded.
The ice beast hits you but does no damage.
The howler monkey hits you but does no damage.
You barely miss the ice beast.
The ice beast is moderately wounded.
The howler monkey hits you but does no damage.
The ice beast barely misses you.
The howler monkey hoots and howls with incredible vigour!
You hear an angry hiss.
You slash the ice beast!
The ice beast is severely wounded.
The ice beast hits you but does no damage.
The howler monkey hits you but does no damage.
You barely miss the ice beast.
The ice beast is severely wounded.
The ice beast hits you. The ice beast freezes you!
The howler monkey closely misses you. The ice beast hits you.
* * * LOW HITPOINT WARNING * * *
The ice beast freezes you!
* * * LOW HITPOINT WARNING * * *
You feel very mighty all of a sudden.
The howler monkey hits you but does no damage.
The ice beast hits you.
* * * LOW HITPOINT WARNING * * *
The ice beast freezes you!
You die...

#....# # #....# .#
#....#.. #J
##....########## +##
#.....#......#.....#
#....##.#..#.#.#.#.#
####...###..##..#..#..
.##†...###..##..#Y#.#.#
........##.#..#.@ho...#
............†...#######
#...#....########
#..####......... #..#
#########. #..# #..#
#..# #..#


You could see an ice beast, a howler monkey and an orc.

Vanquished Creatures
  3 black bears
  An ogre (D:4)
  A necrophage (D:5)
  3 scorpions
  A jelly (D:4)
  3 hounds
  An orc priest (D:3)
  3 iguanas
  Jessica (D:3)
  3 orc wizards
  9 adders
  A worm (D:4)
  2 dart slugs
  15 orcs
  8 endoplasms
  9 giant cockroaches
  2 goblins
  A quokka (D:1)
  6 ball pythons
  5 bats
  3 frilled lizards
  13 kobolds
  4 rats
98 creatures vanquished.

Vanquished Creatures (others)
  6 withered plants (D:4)
6 creatures vanquished.

Grand Total: 104 creatures vanquished

Notes
Turn   | Place    | Note
-------+----------+-------------------------------------------
     0 | D:1      | SensoryNuts the Demonspawn Fighter began the quest for the
                  | Orb.
     0 | D:1      | Reached XP level 1. HP: 18/18 MP: 1/1
   164 | D:1      | Gained mutation: You regenerate magic rapidly. [demonic
                  | ancestry]
   164 | D:1      | Reached XP level 2. HP: 14/24 MP: 2/2
   802 | D:1      | Found a faded altar of an unknown god.
   885 | D:1      | Reached skill level 2 in Long Blades
  1125 | D:2      | Gained mutation: You are partially covered in icy blue
                  | scales. (AC +2) [demonic ancestry]
  1125 | D:2      | Reached XP level 3. HP: 11/29 MP: 3/3
  1968 | D:3      | Found Minojomes's General Store.
  2048 | D:3      | Reached XP level 4. HP: 32/35 MP: 4/4
  2349 | D:3      | Reached skill level 3 in Long Blades
  2542 | D:3      | Found a broken altar of Ashenzari.
  2703 | D:3      | Noticed Jessica
  2709 | D:3      | Killed Jessica
  2710 | D:3      | Gained mutation: You regenerate a little health from kills.
                  | [demonic ancestry]
  2710 | D:3      | Reached XP level 5. HP: 41/41 MP: 5/5
  2935 | D:3      | Reached skill level 4 in Long Blades
  2962 | D:3      | Found a bloodstained altar of Trog.
  3587 | D:4      | Noticed an ogre
  3597 | D:4      | Killed an ogre
  3598 | D:4      | Gained mutation: You are mostly covered in icy blue scales.
                  | (AC +3) [demonic ancestry]
  3598 | D:4      | Reached XP level 6. HP: 6/47 MP: 6/6
  3893 | D:4      | Identified the +7 trident "Kep Bevo" {vamp, rN+ Int-3
                  | Dex+4}
  4042 | D:4      | Found an ornate altar of the Wu Jian Council.
  4142 | D:4      | Reached skill level 5 in Long Blades
  4756 | D:4      | Found a runed translucent gate.
  4756 | D:4      | Found a runed translucent gate.
  4756 | D:4      | Found a runed translucent gate.
  4761 | D:4      | Noticed xian's ghost (novice DsFi)
  4762 | D:4      | Noticed apoch's ghost (amateur MiFi)
  4775 | D:4      | Found a runed translucent door.
  4776 | D:4      | Noticed Crazy Yiuf
  4837 | D:4      | Reached XP level 7. HP: 52/53 MP: 7/7
  5120 | D:4      | Gained mutation: You have a somewhat thin skeletal
                  | structure. (Dex +2, Stealth+) [potion of mutation]
  5177 | D:5      | Entered Level 5 of the Dungeon
  5220 | D:5      | Reached skill level 1 in Dodging
  5300 | D:5      | Reached skill level 6 in Long Blades
  5466 | D:5      | Found a sparkling altar of Nemelex Xobeh.
  5571 | D:5      | Identified the ring of Dyiliry {rC+ Will+ rCorr Str+4 Dex-5
                  | Slay+2}
  5572 | D:5      | Noticed a steam dragon
  5800 | D:5      | Noticed a troll
  6067 | D:6      | Reached XP level 8. HP: 60/60 MP: 8/8
  6128 | D:6      | Mangled by an ice beast

Illustrated notes

Levels and vault maps discovered:
D:1:      amcnicky_arrival_choice, layout_basic,
          hellmonk_ecumenical_altar_heavens_door, serial_bayou_pond_e
D:2:      layout_rooms, minmay_fountain_box, amethyst_killhole,
          hangedman_decor_clover_reticule
D:3:      layout_loops_corners, lemuel_round_altar, amcnicky_altar_gilded,
          serial_shops, nicolae_shop_statue_plus, uniq_jessica
D:4:      minmay_recursive_quarters, layout_basic,
          nicolae_wu_jian_immortal_techniques, gammafunk_ghost_cemetery,
          minmay_joined_circles, uniq_crazy_yiuf_cottage
D:5:      layout_basic, kennysheep_mini, lightli_corner_chamber
D:6:      minmay_clustersquares, layout_layer_cave, okawaru_ov_weapons_minmay,
          minmay_temple_entry_arrows

Skill      XL: |  1  2  3  4  5  6  7 |
---------------+----------------------+-----
Long Blades    | 2 3 4 5 6 |  6.6
Shields        | 3 |  3.4
Armour         | 3 4 |  4.7
Dodging        | 1 |  1.9
Fighting       | 4 |  4.2
Stealth        | |  0.5

Action                   |  1- 3 |  4- 6 |  7- 9 || total
-------------------------+-------+-------+-------++-------
Melee: Long sword        |    90 |   232 |    87 ||   409
  Use: Scroll            |     4 |     2 |     5 ||    11
       Potion            |       |     3 |     4 ||     7
Armor: Scale mail        |    51 |   164 |    75 ||   290
Dodge: Dodged            |    42 |    87 |    49 ||   178
Block: Buckler           |    19 |    61 |    34 ||   114
